 Dungeon Crawl Stone Soup version 0.27-a0-1565-gad902ab807 (webtiles) character file.

Game seed: 8558267963621052822

121 tygod the Cudgeller (level 5, 0/33 HPs)
             Began as a Gargoyle Monk on July 16, 2021.
             Was a Priest of the Shining One.
             Slain by an adder (1 damage)
             ... on level 3 of the Dungeon.
             The game lasted 00:04:24 (2269 turns).

tygod the Cudgeller (Gargoyle Monk)                 Turns: 2269, Time: 00:04:25

Health: 0/33       AC:  9    Str: 14    XL:     5   Next: 5%
Magic:  4/6        EV: 11    Int: 11    God:    the Shining One [***...]
Gold:   104        SH:  7    Dex: 13    Spells: 4/4 levels left

rFire    . . .     SeeInvis .   a - +0 mace
rCold    . . .     Faith    .   (no shield)
rNeg     + + .     Spirit   .   d - +0 ring mail
rPois    ∞         Reflect  .   (no helmet)
rElec    +         Harm     .   (no cloak)
rCorr    .         Rampage  .   (no gloves)
Will     .....                  (no boots)
Stlth    +.........             (no amulet)
HPRegen  0.11/turn              (no ring)
MPRegen  0.10/turn              (no ring)

@: divinely shielded, attractive, glowing
A: sickness immunity, AC +4, negative energy resistance 1, electricity
resistance, torment resistance 1, petrification resistance
a: Renounce Religion, Divine Shield


You were on level 3 of the Dungeon.
You worshipped the Shining One.
The Shining One was most pleased with you.
You visited 1 branch of the dungeon, and saw 3 of its levels.

You collected 104 gold pieces.

Inventory:

Hand Weapons
 a - a +0 mace (weapon)
Armour
 b - a +0 robe
 d - a +0 ring mail (worn)
Scrolls
 e - a scroll of magic mapping {unknown}
 g - 2 scrolls of teleportation {unknown}
 h - 6 scrolls of identify {unknown}
 j - 2 scrolls of fear {unknown}
 l - a scroll of amnesia {unknown}
 m - a scroll of brand weapon {unknown}
Potions
 f - a potion of lignification {unknown}
 i - a potion of degeneration {unknown}
 k - a potion of attraction


   Skills:
 + Level 3.9 Fighting
 + Level 3.9 Maces & Flails
 + Level 1.3 Armour
 + Level 2.9 Dodging
 + Level 2.5 Stealth
 * Level 1.7 Invocations


You had 4 spell levels left.
You didn't know any spells.
Your spell library contained the following spells:

 Spells                   Type           Power      Damage    Failure   Level
 Dazzling Flash           Conj/Hex       0%         N/A       91%         3
 Iskenderun's Mystic Bla  Conj/Tloc      0%         2d3       100%        4
 Starburst                Conj/Fire      0%         8x6d3     100%        6


Dungeon Overview and Level Annotations

Branches:
Dungeon (3/15)

Altars:
The Shining One


Innate Abilities, Weirdness & Mutations

You are immune to sickness and miasma.
Your stone body is resilient. (AC +4)
You are immune to poison.
You resist negative energy. (rN+)
You are resistant to electric shocks. (rElec)
You are resistant to unholy torment.
You are immune to petrification.


Message History

An orc comes into view. It is wielding a +0 dagger.
An orc wizard comes into view.
It is wielding a +0 dagger of electrocution.
The orc is pulled toward you! The orc wizard is pulled toward you!
You see here a +0 dagger.
The orc wizard shouts!
You hit the adder.
The adder is heavily wounded.
You hear a shout!
The adder misses you. The adder closely misses you.
The orc is pulled toward you!
You closely miss the adder.
The adder is heavily wounded.
The orc hits you but does no damage.
An orc wizard comes into view.
It is wielding a +0 dagger of holy wrath.
The adder barely misses you.
The orc wizard gestures wildly while chanting.
The orc wizard flickers and vanishes for a moment.
The orc wizard gestures wildly while chanting.
The orc wizard flickers and vanishes!
Deactivating autopickup; reactivate with Ctrl-A.
The orc barely misses you. Something is pulled toward you!
Okay, then.
A divine shield forms around you! You block the adder's attack.
The orc hits you with a +0 dagger.
* * * LOW HITPOINT WARNING * * *
The adder barely misses you. The orc wizard is pulled toward you!
You closely miss the adder.
The adder is moderately wounded.
The adder bites you.
* * * LOW HITPOINT WARNING * * *
The orc wizard misses you. You block the orc's attack.
You hit the adder.
The adder is almost dead.
You block the adder's attack.
The orc wizard hits you but does no damage.
The orc closely misses you.
The orc wizard hits you with a +0 dagger of holy wrath.
* * * LOW HITPOINT WARNING * * *
The adder bites you.
You die...

#.#####.###.###....#### ..
#.# #.##....#...<....
....###.#####.##..#.#..######
...>....................
...####.#####.......#### #.#
#######...... #.#
#............
#####'####.o..........
#......[.)@o......####
#.........So......#
#...................
###............?....
#.................
#.........###.....
#.........# ..... #.........#
..... .........# ..


You could see 2 orc wizards, an adder and an orc.

Vanquished Creatures
  2 orc priests (D:3)
  2 dart slugs (D:1)
  An orc (D:3)
  2 endoplasms
  2 giant cockroaches
  3 hobgoblins
  11 jackals
  3 quokkas
  3 ball pythons
  9 bats
  3 frilled lizards
  3 goblins
  6 kobolds
  3 rats
53 creatures vanquished.

Vanquished Creatures (others)
  2 demonic plants (D:2)
2 creatures vanquished.

Grand Total: 55 creatures vanquished

Notes
Turn   | Place    | Note
-------+----------+-------------------------------------------
     0 | D:1      | tygod the Gargoyle Monk began the quest for the Orb.
     0 | D:1      | Reached XP level 1. HP: 14/14 MP: 1/1
   164 | D:1      | Reached XP level 2. HP: 16/19 MP: 2/2
   705 | D:1      | Reached XP level 3. HP: 18/24 MP: 3/3
  1411 | D:2      | Reached skill level 1 in Invocations
  1492 | D:2      | Found a faded altar of an unknown god.
  1492 | D:2      | Noticed an Ice Fiend
  1549 | D:2      | Became a worshipper of the Shining One
  1549 | D:2      | Reached * piety under the Shining One
  1549 | D:2      | Reached ** piety under the Shining One
  2032 | D:2      | Reached *** piety under the Shining One
  2046 | D:2      | Reached XP level 4. HP: 29/29 MP: 4/4
  2251 | D:3      | HP: 1/29 [orc priest/nerve-wracking pain (1)]
  2254 | D:3      | Reached skill level 1 in Armour
  2262 | D:3      | Reached XP level 5. HP: 7/33 MP: 6/6
  2269 | D:3      | HP: 1/33 [orc wizard (2)]
  2269 | D:3      | Slain by an adder

Illustrated notes

Levels and vault maps discovered:
D:1:      amcnicky_arrival_gap_in_the_tavern_cellar, layout_basic
D:2:      layout_basic, dreamdust_ecumenical_altar_sealed_demon,
          grunt_decor_one_mirror
D:3:      layout_basic, hex_intersection, chequers_avenue, uniq_natasha,
          uniq_jessica

Skill      XL: |  1  2  3  4 |
---------------+-------------+-----
Invocations    | 1 |  1.7
Armour         | 1 |  1.3
Fighting       | |  3.9
Maces & Flails | |  3.9
Dodging        | |  2.9
Stealth        | |  2.5

Action                   |  1- 3 |  4- 6 || total
-------------------------+-------+-------++-------
Melee: Mace              |   165 |    26 ||   191
Invok: Divine Shield     |       |     1 ||     1
  Use: Potion            |       |     3 ||     3
 Stab: Sleeping          |     2 |       ||     2
Armor: Ring mail         |    97 |    27 ||   124
       Robe              |     6 |       ||     6
Dodge: Dodged            |   125 |    42 ||   167
Block: Other             |       |     3 ||     3

Table legend: (Time is in decaauts)
 A = Elapsed time spent in this place.
 B = Non-inter-level travel time spent in this place.
 C = Inter-level travel time spent in this place.
 D = Time resting spent in this place.
 E = Time spent auto-exploring this place.
 F = Levels seen in this place.
 G = Mean time per level.
                   A        B        C        D        E       F      G
               +--------+--------+--------+--------+--------+-----+--------+
         Total |   2313 |   2224 |     89 |    189 |   1471 |   3 |  771.0 |
       Dungeon |   2313 |   2224 |     89 |    189 |   1471 |   3 |  771.0 |
               +--------+--------+--------+--------+--------+-----+--------+

Top non-repeatable levels by time:
     D:1: 1368 daAuts
     D:2: 842 daAuts
     D:3: 102 daAuts
